Login

Mongoloids vs Phantoms

Created - April 21, 2024 at 12:12

Goals
1 2 3 OT1 T
Mongoloids 0 1 1 1 3
Phantoms 0 1 1 0 2
Shots
1 2 3 OT1 T
Mongoloids 14 11 12 4 41
Phantoms 8 13 11 2 34

GoalsPenalties
1st period
No Goal
Brady Tkachuk (LIS) for Holding (Minor) at 2:34
Vince Dunn (LIS) for Hooking (Minor) at 9:26
Dillon Dube (ULA) for Slashing (Minor) at 17:37
2nd period
1. Mongoloids , David Perron 15 (Mason McTavish 16, Rasmus Andersson 20) at 7:43
2. Phantoms , Brayden Point 23 (Jesper Bratt 20, Vince Dunn 2) at 14:01
Todd Harkness (LIS) for Holding (Minor) at 9:40
3rd period
3. Mongoloids , Jonathan Marchessault 14 (Ryan Lindgren 8, John Tavares 31) at 5:07
4. Phantoms , Michael Anderson 4 (Brayden Point 30, Alexis Lafreniere 7) at 8:20
Michael Anderson (LIS) for Goalie Interference (Minor) at 6:00
Drake Batherson (ULA) for Roughing (Minor) at 6:00
Jesper Bratt (LIS) for Interference (Minor) at 14:56
Drake Batherson (ULA) for Hooking (Minor) at 17:40
Overtime #1
5. Mongoloids , Jonathan Marchessault 15 (David Perron 11, Andreas Englund 2) at 3:35
No Penalty
Goalie Stats
Thatcher Demko (ULA), 32 saves from 34 shots - (0.941), W, 12-26-11, 63:36 minutes
Samuel Montembeault (LIS), 38 saves from 41 shots - (0.927), OTL, 16-12-4, 63:36 minutes
3 StarsOfficial
1 - Jonathan Marchessault (ULA)
2 - David Perron (ULA)
3 - Brayden Point (LIS)
Referees : Unknown
Linesman : Unknown
Game Note
Mattias Ekholm is injured at 0:29 of 3rd period (Strained Left Knee)
Finance
Level 1 -- Attendance: 5002 (83.37%) -- Ticket Income $500,200
Level 2 -- Attendance: 5000 (100.00%) -- Ticket Income $275,000
Level 3 -- Attendance: 1400 (70.00%) -- Ticket Income $49,000
Level 4 -- Attendance: 2821 (70.53%) -- Ticket Income $70,525
Luxury Box -- Attendance: 997 (99.70%) -- Ticket Income $224,325
Game was played at the Atlantic Pavillion.
Total Attendance: 15220 (84.56%)
Total Ticket Income: $1,119,050
Other Income: $447,620
Total Income: $1,566,670



Team Name Goals Shots Shots Attemp Shots Blocked PIM HIT PP PK FO%
Mongoloids 3418756210 / 4 (0%)053%
Phantoms 23462910210 / 2 (0%)047%

Mongoloids
Player Name POS G A P +/- PIM HIT SHT SB MP PP MP PP SHT PK MP PK SHT FO% FOT
Andreas EnglundD0111035021:143:2921:4810% 0
Austin WatsonLW/RW0000024018:462:4910:53025% 4
Cal ClutterbuckRW000000000:000:0000:0000% 0
David PerronLW/RW1121014020:073:3301:16050% 4
Dillon DubeC/RW000-1231115:440:0000:42027% 15
Drake BathersonLW/RW0001421020:484:2301:070100% 1
Evgeni MalkinC000-1003019:130:0000:10050% 10
John TavaresC/LW0111026026:504:2322:32062% 37
Jonathan MarchessaultLW/RW2022024020:274:2301:16050% 4
Markus NiemelainenD0000001115:250:0000:3400% 0
Mason MarchmentLW/RW000000004:000:0000:0000% 0
Mason McTavishC/LW0110003018:003:3300:00065% 20
Mattias EkholmD0000001012:493:1001:0400% 0
Michael MathesonD0000013027:174:2712:1000% 0
Ondrej PalatLW000-1022017:170:4400:0000% 1
Rasmus AnderssonD0110003022:043:2911:4800% 0
Ryan LindgrenD0110020318:201:0300:0000% 0
Tyrian LannisterD000001006:270:1400:3200% 0
Phantoms
Player Name POS G A P +/- PIM HIT SHT SB MP PP MP PP SHT PK MP PK SHT FO% FOT
Alexis LafreniereLW/RW011100006:300:0000:0000% 0
Andrew MangiapaneLW/RW000-1001017:200:0003:39020% 5
Brady TkachukLW00002105020:552:5501:57036% 11
Brayden PointC1121007020:280:0000:00057% 28
Brian DumoulinD0001011114:130:1000:0000% 0
Devon ToewsD000-1011021:512:0814:1700% 0
Dominik KubalikLW/RW000-1002014:100:0000:0900% 1
Eetu LuostarinenC/LW000000000:000:0000:0000% 0
Ilya LyubushkinD000000008:110:0003:0000% 0
Jared McCannC/LW000-2002118:381:0302:48036% 11
Jesper BrattLW/RW0110204019:582:4313:0700% 0
Kevin HayesC/LW/RW0000000015:221:1500:0000% 0
Matthew TkachukLW/RW0001057028:142:4304:12031% 13
Michael AndersonD1011211115:150:0001:1300% 0
Sebastian AhoC000-1001015:401:1500:00059% 27
Todd HarknessD000-1201229:243:4813:2300% 0
Travis HamonicD0000030420:241:5003:5900% 0
Vince DunnD011-1201014:150:0000:0000% 0

Mongoloids

5 vs 5 Forward
Line #Left WingCenterRight WingPHYDFOFWanted %Time %Time Play
1Drake BathersonJohn TavaresJonathan Marchessault1223029%13:17
2David PerronMason McTavishAustin Watson1222830%13:47
3Ondrej PalatDillon DubeEvgeni Malkin1222633%15:03
4Mason MarchmentEvgeni MalkinJohn Tavares122169%4:00
5 vs 5 Defense
Line #DefenseDefensePHYDFOFWanted %Time %Time Play
1Michael MathesonMattias Ekholm1223027%12:28
2Rasmus AnderssonAndreas Englund1222833%15:01
3Ryan LindgrenMarkus Niemelainen1222630%13:57
4Tyrian LannisterMichael Matheson1221610%4:41
Power Play Forward
Line #Left WingCenterRight WingPHYDFOFWanted %Time %Time Play
1Drake BathersonJohn TavaresJonathan Marchessault1225555%4:23
2David PerronMason McTavishAustin Watson1224545%3:33
Power Play Defense
Line #DefenseDefensePHYDFOFWanted %Time %Time Play
1Michael MathesonMattias Ekholm1225556%4:27
2Rasmus AnderssonAndreas Englund1224544%3:29
Penalty Kill 4 Players Forward
Line #CenterWingPHYDFOFWanted %Time %Time Play
1John TavaresDrake Batherson1225568%2:42
2Jonathan MarchessaultDavid Perron1224532%1:16
Penalty Kill 4 Players Defense
Line #DefenseDefensePHYDFOFWanted %Time %Time Play
1Michael MathesonMattias Ekholm1225555%2:10
2Rasmus AnderssonAndreas Englund1224545%1:48
Penalty Kill 3 Players
Line #WingPHYDFOFWanted %Time %Time PlayDefenseDefensePHYDFOFWanted %Time %Time Play
1John Tavares122550%0:00 Michael MathesonMattias Ekholm122550%0:00
2Drake Batherson122450%0:00 Rasmus AnderssonAndreas Englund122450%0:00
4 vs 4 Forward
Line #CenterWingPHYDFOFWanted %Time %Time Play
1John TavaresDrake Batherson1225568%1:21
2Jonathan MarchessaultDavid Perron1224532%0:38
4 vs 4 Defense
Line #DefensePHYDFOFWanted %Time %Time Play
1Michael MathesonMattias Ekholm1225568%55% - 1:21
2Rasmus AnderssonAndreas Englund1224532%45% - 0:38
Last Minutes Offensive
Left WingCenterRight WingDefenseDefense
Drake BathersonJohn TavaresJonathan MarchessaultMichael MathesonMattias Ekholm
Last Minutes Defensive
Left WingCenterRight WingDefenseDefense
Drake BathersonJohn TavaresJonathan MarchessaultMichael MathesonMattias Ekholm
Time
Total ForwardTotal DefenseLast Minutes OffensiveLast Minutes Defensive
60:00 60:00 0:000:00
Extra Forwards
Normal PowerPlayPenalty Kill
John Tavares, Ondrej Palat, Dillon DubeJohn Tavares, Ondrej PalatDillon Dube
Extra Defensemen
Normal PowerPlayPenalty Kill
Ryan Lindgren, Markus Niemelainen, Michael MathesonRyan Lindgren, Markus NiemelainenMichael Matheson
Penalty Shots
John Tavares, Drake Batherson, Jonathan Marchessault, David Perron, Austin Watson
Goalie
Thatcher Demko, Jaroslav Halak
Custom OT Lines Forwards
John Tavares, Drake Batherson, Jonathan Marchessault, David Perron, Austin Watson, Mason McTavish, Evgeni Malkin, Ondrej Palat, Dillon Dube, Mason Marchment
Custom OT Lines Defensemen
Michael Matheson, Mattias Ekholm, Rasmus Andersson, Andreas Englund, Ryan Lindgren
Scratches
Adam Boqvist (Healthy), Yegor Sharangovich (Healthy)

Phantoms

5 vs 5 Forward
Line #Left WingCenterRight WingPHYDFOFWanted %Time %Time Play
1Matthew TkachukBrayden PointJesper Bratt1223026%11:49
2Brady TkachukSebastian AhoKevin Hayes1222831%14:07
3Dominik KubalikJared McCannAndrew Mangiapane1222630%13:41
4Alexis LafreniereBrayden PointMatthew Tkachuk1221614%6:30
5 vs 5 Defense
Line #DefenseDefensePHYDFOFWanted %Time %Time Play
1Todd HarknessTravis Hamonic1223027%12:37
2Vince DunnDevon Toews1222831%14:16
3Brian DumoulinMichael Anderson1222630%14:03
4Ilya LyubushkinTodd Harkness1221611%5:11
Power Play Forward
Line #Left WingCenterRight WingPHYDFOFWanted %Time %Time Play
1Matthew TkachukBrady TkachukJesper Bratt1225568%2:43
2Brady TkachukSebastian AhoKevin Hayes1224532%1:15
Power Play Defense
Line #DefenseDefensePHYDFOFWanted %Time %Time Play
1Todd HarknessTravis Hamonic1225546%1:50
2Todd HarknessDevon Toews1224554%2:08
Penalty Kill 4 Players Forward
Line #CenterWingPHYDFOFWanted %Time %Time Play
1Matthew TkachukJesper Bratt1225563%4:59
2Brady TkachukJesper Bratt1224537%2:57
Penalty Kill 4 Players Defense
Line #DefenseDefensePHYDFOFWanted %Time %Time Play
1Todd HarknessTravis Hamonic1225550%3:59
2Todd HarknessDevon Toews1224550%3:57
Penalty Kill 3 Players
Line #WingPHYDFOFWanted %Time %Time PlayDefenseDefensePHYDFOFWanted %Time %Time Play
1Matthew Tkachuk122550%0:00 Todd HarknessTravis Hamonic122550%0:00
2Matthew Tkachuk122450%0:00 Todd HarknessDevon Toews122450%0:00
4 vs 4 Forward
Line #CenterWingPHYDFOFWanted %Time %Time Play
1Matthew TkachukJesper Bratt1225560%1:11
2Brady TkachukJesper Bratt1224540%0:48
4 vs 4 Defense
Line #DefensePHYDFOFWanted %Time %Time Play
1Todd HarknessTravis Hamonic1225541%55% - 0:49
2Todd HarknessDevon Toews1224559%45% - 1:10
Last Minutes Offensive
Left WingCenterRight WingDefenseDefense
Matthew TkachukBrayden PointJesper BrattTodd HarknessTravis Hamonic
Last Minutes Defensive
Left WingCenterRight WingDefenseDefense
Matthew TkachukBrayden PointJesper BrattTodd HarknessTravis Hamonic
Time
Total ForwardTotal DefenseLast Minutes OffensiveLast Minutes Defensive
60:00 60:00 0:000:00
Extra Forwards
Normal PowerPlayPenalty Kill
Jared McCann, Dominik Kubalik, Andrew MangiapaneJared McCann, Dominik KubalikAndrew Mangiapane
Extra Defensemen
Normal PowerPlayPenalty Kill
Brian Dumoulin, Todd Harkness, Ilya LyubushkinBrian Dumoulin, Todd HarknessIlya Lyubushkin
Penalty Shots
Matthew Tkachuk, Brayden Point, Brady Tkachuk, Jesper Bratt, Sebastian Aho
Goalie
Samuel Montembeault, Pheonix Copley
Custom OT Lines Forwards
Matthew Tkachuk, Brayden Point, Brady Tkachuk, Jesper Bratt, Sebastian Aho, Jared McCann, Kevin Hayes, Dominik Kubalik, Andrew Mangiapane, Alexis Lafreniere
Custom OT Lines Defensemen
Todd Harkness, Travis Hamonic, Ilya Lyubushkin, Devon Toews, Brian Dumoulin
Scratches
Scott Mayfield (Healthy), Elvis Merzlikins (Healthy)


Play-by-Play

1st period


0:01 of 1st period - Brayden Point wins face-off versus Jonathan Marchessault in neutral zone.
0:08 of 1st period - Shot by Jesper Bratt.
0:08 of 1st period - Stopped by Thatcher Demko without a rebound.
0:09 of 1st period - Sebastian Aho wins face-off versus Austin Watson in Mongoloids zone.
0:09 of 1st period - Sebastian Aho is hit by Andreas Englund.
0:33 of 1st period - Shot by Brady Tkachuk.
0:33 of 1st period - Deflect By Sebastian Aho.
0:33 of 1st period - Stopped by Thatcher Demko without a rebound.
0:34 of 1st period - Jared McCann wins face-off versus Dillon Dube in Mongoloids zone.
1:08 of 1st period - Shot by Andrew Mangiapane.
1:08 of 1st period - Stopped by Thatcher Demko with a rebound.
1:40 of 1st period - Michael Matheson is hit by Matthew Tkachuk.
2:34 of 1st period - Minor Penalty to Brady Tkachuk for Holding.
2:35 of 1st period - Andrew Mangiapane wins face-off versus Austin Watson in Phantoms zone.
3:00 of 1st period - Shot by Austin Watson.
3:00 of 1st period - Stopped by Samuel Montembeault with a rebound.
3:02 of 1st period - Shot by Andreas Englund.
3:02 of 1st period - Shot Hit the Post.
3:04 of 1st period - Shot by Andreas Englund.
3:04 of 1st period - Stopped by Samuel Montembeault without a rebound.
3:05 of 1st period - John Tavares wins face-off versus Matthew Tkachuk in Phantoms zone.
3:34 of 1st period - Shot by Michael Matheson.
3:34 of 1st period - Stopped by Samuel Montembeault without a rebound.
3:35 of 1st period - Mason McTavish wins face-off versus Matthew Tkachuk in Phantoms zone.
3:56 of 1st period - Shot by Andreas Englund.
3:56 of 1st period - Stopped by Samuel Montembeault without a rebound.
3:57 of 1st period - John Tavares wins face-off versus Andrew Mangiapane in Phantoms zone.
4:02 of 1st period - Shot by Drake Batherson.
4:02 of 1st period - Shot Blocked by Travis Hamonic.
4:26 of 1st period - Icing by Mattias Ekholm.
4:27 of 1st period - John Tavares wins face-off versus Andrew Mangiapane in Mongoloids zone.
4:49 of 1st period - Off-side.
4:50 of 1st period - Brayden Point wins face-off versus Dillon Dube in neutral zone.
5:08 of 1st period - Brayden Point is hit by Ryan Lindgren and loses puck.
5:15 of 1st period - Shot by Matthew Tkachuk.
5:15 of 1st period - Shot Misses the Net.
5:39 of 1st period - Markus Niemelainen is hit by Brady Tkachuk and loses puck.
6:00 of 1st period - Shot by Brady Tkachuk.
6:00 of 1st period - Stopped by Thatcher Demko without a rebound.
6:01 of 1st period - Mason McTavish wins face-off versus Jared McCann in Mongoloids zone.
6:58 of 1st period - Todd Harkness is hit by Jonathan Marchessault and loses puck.
7:42 of 1st period - Icing by Michael Matheson.
7:43 of 1st period - Sebastian Aho wins face-off versus Evgeni Malkin in Mongoloids zone.
7:43 of 1st period - Sebastian Aho is hit by Michael Matheson.
7:47 of 1st period - Shot by Brady Tkachuk.
7:47 of 1st period - Shot Misses the Net.
7:57 of 1st period - Devon Toews is hit by Austin Watson and loses puck.
9:04 of 1st period - Shot by Matthew Tkachuk.
9:04 of 1st period - Stopped by Thatcher Demko without a rebound.
9:05 of 1st period - Mason McTavish wins face-off versus Brayden Point in Mongoloids zone.
9:07 of 1st period - David Perron is hit by Matthew Tkachuk.
9:23 of 1st period - Shot by David Perron.
9:23 of 1st period - Stopped by Samuel Montembeault without a rebound.
9:24 of 1st period - Dillon Dube wins face-off versus Sebastian Aho in Phantoms zone.
9:26 of 1st period - Minor Penalty to Vince Dunn for Hooking.
9:27 of 1st period - Matthew Tkachuk wins face-off versus Mason McTavish in Phantoms zone.
10:25 of 1st period - Icing by Michael Matheson.
10:26 of 1st period - Brady Tkachuk wins face-off versus John Tavares in Mongoloids zone.
11:33 of 1st period - Shot by Brady Tkachuk.
11:33 of 1st period - Stopped by Thatcher Demko without a rebound.
11:34 of 1st period - Dillon Dube wins face-off versus Jared McCann in Mongoloids zone.
12:07 of 1st period - Brian Dumoulin is hit by Dillon Dube and loses puck.
12:37 of 1st period - Ryan Lindgren is hit by Brady Tkachuk and loses puck.
12:58 of 1st period - Shot by Sebastian Aho.
12:58 of 1st period - Shot Misses the Net.
13:04 of 1st period - Shot by Mattias Ekholm.
13:04 of 1st period - Stopped by Samuel Montembeault without a rebound.
13:05 of 1st period - John Tavares wins face-off versus Brayden Point in Phantoms zone.
13:22 of 1st period - Shot by John Tavares.
13:22 of 1st period - Shot Blocked by Travis Hamonic.
13:24 of 1st period - Shot by Rasmus Andersson.
13:24 of 1st period - Shot Blocked by Travis Hamonic.
14:20 of 1st period - Shot by Austin Watson.
14:20 of 1st period - Shot Misses the Net.
14:22 of 1st period - Shot by Austin Watson.
14:22 of 1st period - Stopped by Samuel Montembeault without a rebound.
14:23 of 1st period - Evgeni Malkin wins face-off versus Sebastian Aho in Phantoms zone.
14:26 of 1st period - Shot by John Tavares.
14:26 of 1st period - Stopped by Samuel Montembeault without a rebound.
14:27 of 1st period - Sebastian Aho wins face-off versus Evgeni Malkin in Phantoms zone.
14:31 of 1st period - Icing by Sebastian Aho.
14:32 of 1st period - Sebastian Aho wins face-off versus John Tavares in Phantoms zone.
14:32 of 1st period - Sebastian Aho is hit by Jonathan Marchessault.
14:43 of 1st period - Devon Toews is hit by Drake Batherson and loses puck.
14:58 of 1st period - Shot by Drake Batherson.
14:58 of 1st period - Stopped by Samuel Montembeault with a rebound.
15:00 of 1st period - Shot by John Tavares.
15:00 of 1st period - Shot Misses the Net.
15:02 of 1st period - Shot by Andreas Englund.
15:02 of 1st period - Stopped by Samuel Montembeault without a rebound.
15:03 of 1st period - Mason McTavish wins face-off versus Jared McCann in Phantoms zone.
16:04 of 1st period - Shot by Dillon Dube.
16:04 of 1st period - Shot Misses the Net.
16:53 of 1st period - Shot by Drake Batherson.
16:53 of 1st period - Shot Misses the Net.
16:55 of 1st period - Shot by Andreas Englund.
16:55 of 1st period - Stopped by Samuel Montembeault without a rebound.
16:56 of 1st period - Sebastian Aho wins face-off versus John Tavares in Phantoms zone.
17:03 of 1st period - Shot by Brady Tkachuk.
17:03 of 1st period - Shot Misses the Net.
17:17 of 1st period - Off-side.
17:18 of 1st period - Brayden Point wins face-off versus Mason McTavish in neutral zone.
17:20 of 1st period - Alexis Lafreniere is hit by Andreas Englund and loses puck.
17:33 of 1st period - Shot by David Perron.
17:33 of 1st period - Stopped by Samuel Montembeault with a rebound.
17:35 of 1st period - Shot by Rasmus Andersson.
17:35 of 1st period - Stopped by Samuel Montembeault without a rebound.
17:36 of 1st period - Brady Tkachuk wins face-off versus Dillon Dube in Phantoms zone.
17:36 of 1st period - Brady Tkachuk is hit by Dillon Dube.
17:37 of 1st period - Minor Penalty to Dillon Dube for Slashing.
17:38 of 1st period - Sebastian Aho wins face-off versus John Tavares in Mongoloids zone.
17:57 of 1st period - Shot by Sebastian Aho.
17:57 of 1st period - Shot Misses the Net.
18:01 of 1st period - Shot by Sebastian Aho.
18:01 of 1st period - Shot Misses the Net.
18:03 of 1st period - Shot by Todd Harkness.
18:03 of 1st period - Shot Hit the Post.
18:05 of 1st period - Shot by Todd Harkness.
18:05 of 1st period - Stopped by Thatcher Demko without a rebound.
18:06 of 1st period - David Perron wins face-off versus Brady Tkachuk in Mongoloids zone.
18:15 of 1st period - Shot by Devon Toews.
18:15 of 1st period - Stopped by Thatcher Demko without a rebound.
18:16 of 1st period - John Tavares wins face-off versus Brady Tkachuk in Mongoloids zone.
19:05 of 1st period - Icing by Matthew Tkachuk.
19:06 of 1st period - David Perron wins face-off versus Brady Tkachuk in Phantoms zone.
19:17 of 1st period - Shot by David Perron.
19:17 of 1st period - Shot Misses the Net.
19:19 of 1st period - Shot by Rasmus Andersson.
19:19 of 1st period - Shot Hit the Post.
19:29 of 1st period - Shot by Jonathan Marchessault.
19:29 of 1st period - Shot Misses the Net.
19:31 of 1st period - Shot by Andreas Englund.
19:31 of 1st period - Stopped by Samuel Montembeault without a rebound.
19:32 of 1st period - Sebastian Aho wins face-off versus John Tavares in Phantoms zone.
19:58 of 1st period - Shot by Jared McCann.
19:58 of 1st period - Shot Misses the Net.
Goals for this period are 0 for Mongoloids vs 0 for Phantoms.
Shots for this period are 14 for Mongoloids vs 8 for Phantoms.

2nd period


0:01 of 2nd period - Evgeni Malkin wins face-off versus Brayden Point in neutral zone.
0:29 of 2nd period - Shot by Evgeni Malkin.
0:29 of 2nd period - Shot Misses the Net.
1:15 of 2nd period - Brayden Point is hit by Austin Watson and loses puck.
1:29 of 2nd period - Off-side.
1:30 of 2nd period - Sebastian Aho wins face-off versus John Tavares in neutral zone.
2:00 of 2nd period - Shot by Kevin Hayes.
2:00 of 2nd period - Shot Misses the Net.
2:56 of 2nd period - Shot by Dillon Dube.
2:56 of 2nd period - Shot Hit the Post.
3:07 of 2nd period - Off-side.
3:08 of 2nd period - Sebastian Aho wins face-off versus David Perron in neutral zone.
3:21 of 2nd period - Shot by Mason McTavish.
3:21 of 2nd period - Stopped by Samuel Montembeault without a rebound.
3:22 of 2nd period - Brayden Point wins face-off versus Austin Watson in Phantoms zone.
3:43 of 2nd period - Shot by Brayden Point.
3:43 of 2nd period - Stopped by Thatcher Demko with a rebound.
3:45 of 2nd period - Shot by Vince Dunn.
3:45 of 2nd period - Shot Misses the Net.
3:47 of 2nd period - Shot by Vince Dunn.
3:47 of 2nd period - Shot Misses the Net.
3:49 of 2nd period - Shot by Brayden Point.
3:49 of 2nd period - Stopped by Thatcher Demko with a rebound.
3:51 of 2nd period - Shot by Vince Dunn.
3:51 of 2nd period - Stopped by Thatcher Demko without a rebound.
3:52 of 2nd period - Sebastian Aho wins face-off versus Ondrej Palat in Mongoloids zone.
5:02 of 2nd period - Shot by Jared McCann.
5:02 of 2nd period - Shot Blocked by Markus Niemelainen.
5:08 of 2nd period - Shot by Dominik Kubalik.
5:08 of 2nd period - Stopped by Thatcher Demko with a rebound.
5:10 of 2nd period - Shot by Jared McCann.
5:10 of 2nd period - Deflect By Dominik Kubalik.
5:10 of 2nd period - Shot Misses the Net.
5:29 of 2nd period - Icing by Drake Batherson.
5:30 of 2nd period - Brayden Point wins face-off versus John Tavares in Mongoloids zone.
5:31 of 2nd period - Shot by Matthew Tkachuk.
5:31 of 2nd period - Stopped by Thatcher Demko with a rebound.
5:38 of 2nd period - Shot by Alexis Lafreniere.
5:38 of 2nd period - Deflect By Matthew Tkachuk.
5:38 of 2nd period - Shot Misses the Net.
6:08 of 2nd period - Icing by Michael Anderson.
6:09 of 2nd period - Brayden Point wins face-off versus Mason McTavish in Phantoms zone.
6:18 of 2nd period - Shot by Brayden Point.
6:18 of 2nd period - Deflect By Matthew Tkachuk.
6:18 of 2nd period - Stopped by Thatcher Demko without a rebound.
6:19 of 2nd period - Sebastian Aho wins face-off versus Dillon Dube in Mongoloids zone.
6:58 of 2nd period - Tyrian Lannister is hit by Brady Tkachuk and loses puck.
7:06 of 2nd period - Icing by Michael Matheson.
7:07 of 2nd period - Brayden Point wins face-off versus Dillon Dube in Mongoloids zone.
7:14 of 2nd period - Shot by Brayden Point.
7:14 of 2nd period - Shot Misses the Net.
7:16 of 2nd period - Shot by Brayden Point.
7:16 of 2nd period - Stopped by Thatcher Demko without a rebound.
7:17 of 2nd period - Mason McTavish wins face-off versus Jared McCann in Mongoloids zone.
7:43 of 2nd period - Shot by David Perron.
7:43 of 2nd period - Goal by David Perron - Mongoloids : 1 - Phantoms : 0.
7:44 of 2nd period - John Tavares wins face-off versus Brayden Point in neutral zone.
7:56 of 2nd period - Shot by Jonathan Marchessault.
7:56 of 2nd period - Shot Misses the Net.
8:10 of 2nd period - Shot by John Tavares.
8:10 of 2nd period - Shot Misses the Net.
8:12 of 2nd period - Shot by Markus Niemelainen.
8:12 of 2nd period - Stopped by Samuel Montembeault without a rebound.
8:13 of 2nd period - Sebastian Aho wins face-off versus Mason McTavish in Phantoms zone.
9:15 of 2nd period - Shot by Jesper Bratt.
9:15 of 2nd period - Shot Misses the Net.
9:35 of 2nd period - Shot by Todd Harkness.
9:35 of 2nd period - Shot Misses the Net.
9:40 of 2nd period - Minor Penalty to Todd Harkness for Holding.
9:41 of 2nd period - Matthew Tkachuk wins face-off versus John Tavares in Phantoms zone.
10:00 of 2nd period - Shot by John Tavares.
10:00 of 2nd period - Shot Misses the Net.
10:02 of 2nd period - Shot by Rasmus Andersson.
10:02 of 2nd period - Shot Misses the Net.
10:31 of 2nd period - Icing by Mattias Ekholm.
10:32 of 2nd period - Matthew Tkachuk wins face-off versus Mason McTavish in Mongoloids zone.
11:03 of 2nd period - Shot by John Tavares.
11:03 of 2nd period - Shot Blocked by Michael Anderson.
11:39 of 2nd period - Shot by Rasmus Andersson.
11:39 of 2nd period - Stopped by Samuel Montembeault without a rebound.
11:40 of 2nd period - Sebastian Aho wins face-off versus Dillon Dube in Phantoms zone.
11:52 of 2nd period - Evgeni Malkin is hit by Brady Tkachuk and loses puck.
13:11 of 2nd period - Drake Batherson is hit by Michael Anderson and loses puck.
13:20 of 2nd period - Shot by Tyrian Lannister.
13:20 of 2nd period - Shot Misses the Net.
13:35 of 2nd period - Off-side.
13:36 of 2nd period - Brayden Point wins face-off versus Dillon Dube in neutral zone.
13:43 of 2nd period - Shot by Brayden Point.
13:43 of 2nd period - Stopped by Thatcher Demko with a rebound.
13:59 of 2nd period - Shot by Jesper Bratt.
13:59 of 2nd period - Stopped by Thatcher Demko with a rebound.
14:01 of 2nd period - Shot by Brayden Point.
14:01 of 2nd period - Goal by Brayden Point - Mongoloids : 1 - Phantoms : 1.
14:02 of 2nd period - Mason McTavish wins face-off versus Sebastian Aho in neutral zone.
14:17 of 2nd period - Shot by Brady Tkachuk.
14:17 of 2nd period - Stopped by Thatcher Demko without a rebound.
14:18 of 2nd period - John Tavares wins face-off versus Matthew Tkachuk in Mongoloids zone.
15:28 of 2nd period - Shot by Evgeni Malkin.
15:28 of 2nd period - Shot Misses the Net.
15:30 of 2nd period - Shot by Evgeni Malkin.
15:30 of 2nd period - Stopped by Samuel Montembeault with a rebound.
15:32 of 2nd period - Shot by Andreas Englund.
15:32 of 2nd period - Shot Misses the Net.
15:36 of 2nd period - Shot by Dillon Dube.
15:36 of 2nd period - Stopped by Samuel Montembeault with a rebound.
15:38 of 2nd period - Shot by Dillon Dube.
15:38 of 2nd period - Shot Misses the Net.
16:24 of 2nd period - Shot by Sebastian Aho.
16:24 of 2nd period - Deflect By Brady Tkachuk.
16:24 of 2nd period - Stopped by Thatcher Demko without a rebound.
16:25 of 2nd period - Mason McTavish wins face-off versus Andrew Mangiapane in Mongoloids zone.
16:39 of 2nd period - Icing by Michael Anderson.
16:40 of 2nd period - John Tavares wins face-off versus Jared McCann in Phantoms zone.
17:07 of 2nd period - Shot by Jared McCann.
17:07 of 2nd period - Shot Misses the Net.
17:11 of 2nd period - Shot by Jared McCann.
17:11 of 2nd period - Deflect By Dominik Kubalik.
17:11 of 2nd period - Shot Misses the Net.
17:13 of 2nd period - Shot by Brian Dumoulin.
17:13 of 2nd period - Stopped by Thatcher Demko without a rebound.
17:14 of 2nd period - Mason McTavish wins face-off versus Sebastian Aho in Mongoloids zone.
17:14 of 2nd period - Mason McTavish is hit by Brady Tkachuk.
17:23 of 2nd period - David Perron is hit by Travis Hamonic.
17:31 of 2nd period - Shot by David Perron.
17:31 of 2nd period - Shot Misses the Net.
17:33 of 2nd period - Shot by Mattias Ekholm.
17:33 of 2nd period - Shot Misses the Net.
17:35 of 2nd period - Shot by Austin Watson.
17:35 of 2nd period - Stopped by Samuel Montembeault with a rebound.
17:37 of 2nd period - Shot by Michael Matheson.
17:37 of 2nd period - Stopped by Samuel Montembeault with a rebound.
17:39 of 2nd period - Shot by David Perron.
17:39 of 2nd period - Shot Misses the Net.
17:41 of 2nd period - Shot by Mattias Ekholm.
17:41 of 2nd period - Shot Misses the Net.
17:43 of 2nd period - Shot by Michael Matheson.
17:43 of 2nd period - Stopped by Samuel Montembeault with a rebound.
17:45 of 2nd period - Shot by Austin Watson.
17:45 of 2nd period - Stopped by Samuel Montembeault with a rebound.
17:47 of 2nd period - Shot by Michael Matheson.
17:47 of 2nd period - Shot Blocked by Todd Harkness.
17:49 of 2nd period - Shot by Mason McTavish.
17:49 of 2nd period - Stopped by Samuel Montembeault with a rebound.
18:10 of 2nd period - Icing by Ryan Lindgren.
18:11 of 2nd period - John Tavares wins face-off versus Brayden Point in Mongoloids zone.
18:41 of 2nd period - Shot by Brian Dumoulin.
18:41 of 2nd period - Shot Blocked by Ryan Lindgren.
18:47 of 2nd period - Michael Anderson is hit by Drake Batherson and loses puck.
18:59 of 2nd period - Jesper Bratt is hit by Ondrej Palat and loses puck.
19:18 of 2nd period - Shot by Dillon Dube.
19:18 of 2nd period - Deflect By Evgeni Malkin.
19:18 of 2nd period - Shot Misses the Net.
19:43 of 2nd period - Jared McCann is hit by Andreas Englund and loses puck.
Goals for this period are 1 for Mongoloids vs 1 for Phantoms.
Shots for this period are 11 for Mongoloids vs 13 for Phantoms.

3rd period


0:01 of 3rd period - John Tavares wins face-off versus Brayden Point in neutral zone.
0:10 of 3rd period - Icing by Mattias Ekholm.
0:11 of 3rd period - Brady Tkachuk wins face-off versus Evgeni Malkin in Mongoloids zone.
0:28 of 3rd period - Mattias Ekholm is hit by Brady Tkachuk and loses puck.
0:29 of 3rd period - Mattias Ekholm from Mongoloids is injured at 0:29 of 3rd period (Strained Left Knee).
0:30 of 3rd period - Mason McTavish wins face-off versus Brayden Point in Mongoloids zone.
0:30 of 3rd period - Mason McTavish is hit by Matthew Tkachuk.
0:52 of 3rd period - Shot by David Perron.
0:52 of 3rd period - Shot Misses the Net.
1:00 of 3rd period - Shot by David Perron.
1:00 of 3rd period - Shot Misses the Net.
1:02 of 3rd period - Shot by Austin Watson.
1:02 of 3rd period - Shot Blocked by Brian Dumoulin.
1:18 of 3rd period - Shot by Evgeni Malkin.
1:18 of 3rd period - Stopped by Samuel Montembeault without a rebound.
1:19 of 3rd period - Evgeni Malkin wins face-off versus Sebastian Aho in Phantoms zone.
1:28 of 3rd period - Shot by Evgeni Malkin.
1:28 of 3rd period - Stopped by Samuel Montembeault without a rebound.
1:29 of 3rd period - Jared McCann wins face-off versus John Tavares in Phantoms zone.
1:39 of 3rd period - Shot by Jared McCann.
1:39 of 3rd period - Stopped by Thatcher Demko with a rebound.
1:41 of 3rd period - Shot by Travis Hamonic.
1:41 of 3rd period - Shot Misses the Net.
1:43 of 3rd period - Shot by Andrew Mangiapane.
1:43 of 3rd period - Deflect By Dominik Kubalik.
1:43 of 3rd period - Shot Blocked by Ryan Lindgren.
2:03 of 3rd period - Shot by Dominik Kubalik.
2:03 of 3rd period - Stopped by Thatcher Demko without a rebound.
2:04 of 3rd period - Dillon Dube wins face-off versus Brayden Point in Mongoloids zone.
2:43 of 3rd period - Shot by Evgeni Malkin.
2:43 of 3rd period - Deflect By Dillon Dube.
2:43 of 3rd period - Shot Misses the Net.
3:11 of 3rd period - Shot by Mason McTavish.
3:11 of 3rd period - Stopped by Samuel Montembeault without a rebound.
3:12 of 3rd period - Jared McCann wins face-off versus John Tavares in Phantoms zone.
3:49 of 3rd period - Shot by John Tavares.
3:49 of 3rd period - Stopped by Samuel Montembeault without a rebound.
3:50 of 3rd period - Mason McTavish wins face-off versus Sebastian Aho in Phantoms zone.
3:50 of 3rd period - Mason McTavish is hit by Travis Hamonic.
4:13 of 3rd period - Sebastian Aho is hit by Tyrian Lannister and loses puck.
4:59 of 3rd period - Icing by Devon Toews.
5:00 of 3rd period - John Tavares wins face-off versus Brayden Point in Phantoms zone.
5:03 of 3rd period - Shot by John Tavares.
5:03 of 3rd period - Shot Misses the Net.
5:07 of 3rd period - Shot by Jonathan Marchessault.
5:07 of 3rd period - Goal by Jonathan Marchessault - Mongoloids : 2 - Phantoms : 1.
5:08 of 3rd period - Evgeni Malkin wins face-off versus Jared McCann in neutral zone.
5:17 of 3rd period - Shot by John Tavares.
5:17 of 3rd period - Shot Misses the Net.
5:33 of 3rd period - Shot by John Tavares.
5:33 of 3rd period - Deflect By Evgeni Malkin.
5:33 of 3rd period - Shot Misses the Net.
5:35 of 3rd period - Shot by Andreas Englund.
5:35 of 3rd period - Shot Misses the Net.
5:37 of 3rd period - Shot by Evgeni Malkin.
5:37 of 3rd period - Shot Misses the Net.
6:00 of 3rd period - Minor Penalty to Michael Anderson for Goalie Interference.
6:00 of 3rd period - Minor Penalty to Drake Batherson for Roughing.
6:01 of 3rd period - John Tavares wins face-off versus Matthew Tkachuk in Phantoms zone.
6:04 of 3rd period - Shot by Ondrej Palat.
6:04 of 3rd period - Stopped by Samuel Montembeault with a rebound.
6:14 of 3rd period - Shot by Ondrej Palat.
6:14 of 3rd period - Stopped by Samuel Montembeault without a rebound.
6:15 of 3rd period - John Tavares wins face-off versus Matthew Tkachuk in Phantoms zone.
6:36 of 3rd period - Shot by Matthew Tkachuk.
6:36 of 3rd period - Stopped by Thatcher Demko without a rebound.
6:37 of 3rd period - Jonathan Marchessault wins face-off versus Matthew Tkachuk in Mongoloids zone.
6:54 of 3rd period - Jonathan Marchessault is hit by Travis Hamonic and loses puck.
7:11 of 3rd period - Shot by Jonathan Marchessault.
7:11 of 3rd period - Stopped by Samuel Montembeault without a rebound.
7:12 of 3rd period - John Tavares wins face-off versus Brady Tkachuk in Phantoms zone.
7:17 of 3rd period - Shot by John Tavares.
7:17 of 3rd period - Shot Misses the Net.
7:29 of 3rd period - Shot by John Tavares.
7:29 of 3rd period - Deflect By Ondrej Palat.
7:29 of 3rd period - Shot Blocked by Todd Harkness.
8:18 of 3rd period - Shot by Brayden Point.
8:18 of 3rd period - Stopped by Thatcher Demko with a rebound.
8:20 of 3rd period - Shot by Michael Anderson.
8:20 of 3rd period - Goal by Michael Anderson - Mongoloids : 2 - Phantoms : 2.
8:21 of 3rd period - Sebastian Aho wins face-off versus Dillon Dube in neutral zone.
8:50 of 3rd period - Shot by Brady Tkachuk.
8:50 of 3rd period - Stopped by Thatcher Demko with a rebound.
8:52 of 3rd period - Shot by Brian Dumoulin.
8:52 of 3rd period - Shot Blocked by Dillon Dube.
9:25 of 3rd period - Icing by Rasmus Andersson.
9:26 of 3rd period - Mason McTavish wins face-off versus Andrew Mangiapane in Mongoloids zone.
9:38 of 3rd period - Dominik Kubalik is hit by David Perron and loses puck.
10:04 of 3rd period - Icing by Todd Harkness.
10:05 of 3rd period - Drake Batherson wins face-off versus Dominik Kubalik in Phantoms zone.
10:20 of 3rd period - Shot by John Tavares.
10:20 of 3rd period - Shot Misses the Net.
10:25 of 3rd period - Andrew Mangiapane is hit by John Tavares and loses puck.
11:07 of 3rd period - Matthew Tkachuk is hit by Ryan Lindgren and loses puck.
11:12 of 3rd period - Shot by Matthew Tkachuk.
11:12 of 3rd period - Shot Blocked by Ryan Lindgren.
11:14 of 3rd period - Shot by Jesper Bratt.
11:14 of 3rd period - Stopped by Thatcher Demko without a rebound.
11:15 of 3rd period - Mason McTavish wins face-off versus Sebastian Aho in Mongoloids zone.
11:17 of 3rd period - Tyrian Lannister is hit by Brady Tkachuk and loses puck.
11:39 of 3rd period - Shot by David Perron.
11:39 of 3rd period - Stopped by Samuel Montembeault without a rebound.
11:40 of 3rd period - Brayden Point wins face-off versus Dillon Dube in Phantoms zone.
11:40 of 3rd period - Brayden Point is hit by Ondrej Palat.
12:28 of 3rd period - Off-side.
12:29 of 3rd period - Austin Watson wins face-off versus Sebastian Aho in neutral zone.
12:31 of 3rd period - Off-side.
12:32 of 3rd period - Sebastian Aho wins face-off versus Mason McTavish in neutral zone.
12:41 of 3rd period - Shot by Sebastian Aho.
12:41 of 3rd period - Shot Misses the Net.
13:54 of 3rd period - Shot by John Tavares.
13:54 of 3rd period - Stopped by Samuel Montembeault without a rebound.
13:55 of 3rd period - Brayden Point wins face-off versus Dillon Dube in Phantoms zone.
14:06 of 3rd period - Brayden Point is hit by Dillon Dube and loses puck.
14:10 of 3rd period - Icing by Michael Anderson.
14:11 of 3rd period - John Tavares wins face-off versus Matthew Tkachuk in Phantoms zone.
14:14 of 3rd period - Shot by Drake Batherson.
14:14 of 3rd period - Shot Misses the Net.
14:22 of 3rd period - Shot by Brayden Point.
14:22 of 3rd period - Stopped by Thatcher Demko without a rebound.
14:23 of 3rd period - Jared McCann wins face-off versus Dillon Dube in Mongoloids zone.
14:28 of 3rd period - Shot by Jared McCann.
14:28 of 3rd period - Stopped by Thatcher Demko without a rebound.
14:29 of 3rd period - Brayden Point wins face-off versus Evgeni Malkin in Mongoloids zone.
14:30 of 3rd period - Shot by Matthew Tkachuk.
14:30 of 3rd period - Stopped by Thatcher Demko without a rebound.
14:31 of 3rd period - Evgeni Malkin wins face-off versus Brayden Point in Mongoloids zone.
14:31 of 3rd period - Evgeni Malkin is hit by Matthew Tkachuk.
14:47 of 3rd period - Icing by Travis Hamonic.
14:48 of 3rd period - Brayden Point wins face-off versus Mason McTavish in Phantoms zone.
14:56 of 3rd period - Minor Penalty to Jesper Bratt for Interference.
14:57 of 3rd period - John Tavares wins face-off versus Matthew Tkachuk in Phantoms zone.
14:58 of 3rd period - Shot by Jonathan Marchessault.
14:58 of 3rd period - Deflect By John Tavares.
14:58 of 3rd period - Stopped by Samuel Montembeault without a rebound.
14:59 of 3rd period - John Tavares wins face-off versus Matthew Tkachuk in Phantoms zone.
15:11 of 3rd period - Icing by Jonathan Marchessault.
15:12 of 3rd period - Matthew Tkachuk wins face-off versus John Tavares in Mongoloids zone.
15:19 of 3rd period - Shot by Matthew Tkachuk.
15:19 of 3rd period - Shot Misses the Net.
15:25 of 3rd period - Matthew Tkachuk is hit by John Tavares and loses puck.
16:48 of 3rd period - Shot by Drake Batherson.
16:48 of 3rd period - Deflect By John Tavares.
16:48 of 3rd period - Stopped by Samuel Montembeault without a rebound.
16:49 of 3rd period - Brady Tkachuk wins face-off versus David Perron in Phantoms zone.
16:55 of 3rd period - Icing by Mason McTavish.
16:56 of 3rd period - Dillon Dube wins face-off versus Sebastian Aho in Mongoloids zone.
16:56 of 3rd period - Dillon Dube is hit by Brady Tkachuk.
17:07 of 3rd period - Dillon Dube is hit by Brian Dumoulin.
17:34 of 3rd period - Icing by Brian Dumoulin.
17:35 of 3rd period - Sebastian Aho wins face-off versus John Tavares in Phantoms zone.
17:40 of 3rd period - Minor Penalty to Drake Batherson for Hooking.
17:41 of 3rd period - John Tavares wins face-off versus Brady Tkachuk in Mongoloids zone.
17:59 of 3rd period - Off-side.
18:00 of 3rd period - John Tavares wins face-off versus Sebastian Aho in neutral zone.
18:15 of 3rd period - Andreas Englund is hit by Brady Tkachuk and loses puck.
18:48 of 3rd period - Shot by Jesper Bratt.
18:48 of 3rd period - Stopped by Thatcher Demko without a rebound.
18:49 of 3rd period - John Tavares wins face-off versus Jared McCann in Mongoloids zone.
18:49 of 3rd period - John Tavares is hit by Matthew Tkachuk.
19:39 of 3rd period - John Tavares is hit by Devon Toews and loses puck.
19:43 of 3rd period - Icing by Vince Dunn.
19:44 of 3rd period - Brayden Point wins face-off versus Evgeni Malkin in Phantoms zone.
Goals for this period are 1 for Mongoloids vs 1 for Phantoms.
Shots for this period are 12 for Mongoloids vs 11 for Phantoms.

Overtime #1


0:01 of 1st overtime period - Brayden Point wins face-off versus John Tavares in neutral zone.
0:08 of 1st overtime period - Shot by Matthew Tkachuk.
0:08 of 1st overtime period - Stopped by Thatcher Demko without a rebound.
0:09 of 1st overtime period - Brayden Point wins face-off versus John Tavares in Mongoloids zone.
0:17 of 1st overtime period - Shot by Brayden Point.
0:17 of 1st overtime period - Deflect By Matthew Tkachuk.
0:17 of 1st overtime period - Stopped by Thatcher Demko without a rebound.
0:18 of 1st overtime period - John Tavares wins face-off versus Brayden Point in Mongoloids zone.
0:27 of 1st overtime period - Shot by John Tavares.
0:27 of 1st overtime period - Stopped by Samuel Montembeault without a rebound.
0:28 of 1st overtime period - John Tavares wins face-off versus Brayden Point in Phantoms zone.
0:43 of 1st overtime period - Shot by John Tavares.
0:43 of 1st overtime period - Shot Misses the Net.
1:03 of 1st overtime period - Shot by Brayden Point.
1:03 of 1st overtime period - Shot Misses the Net.
1:18 of 1st overtime period - Icing by Michael Matheson.
1:19 of 1st overtime period - John Tavares wins face-off versus Brady Tkachuk in Mongoloids zone.
1:19 of 1st overtime period - John Tavares is hit by Brady Tkachuk.
1:34 of 1st overtime period - Off-side.
1:35 of 1st overtime period - Brayden Point wins face-off versus Jonathan Marchessault in neutral zone.
2:04 of 1st overtime period - Shot by Jonathan Marchessault.
2:04 of 1st overtime period - Stopped by Samuel Montembeault without a rebound.
2:05 of 1st overtime period - Mason McTavish wins face-off versus Brady Tkachuk in Phantoms zone.
2:24 of 1st overtime period - Shot by Jesper Bratt.
2:24 of 1st overtime period - Shot Misses the Net.
2:36 of 1st overtime period - Shot by Mason McTavish.
2:36 of 1st overtime period - Deflect By Austin Watson.
2:36 of 1st overtime period - Shot Blocked by Travis Hamonic.
3:15 of 1st overtime period - Shot by John Tavares.
3:15 of 1st overtime period - Shot Misses the Net.
3:17 of 1st overtime period - Shot by Rasmus Andersson.
3:17 of 1st overtime period - Stopped by Samuel Montembeault without a rebound.
3:18 of 1st overtime period - Jonathan Marchessault wins face-off versus Sebastian Aho in Phantoms zone.
3:27 of 1st overtime period - Shot by David Perron.
3:27 of 1st overtime period - Shot Blocked by Jared McCann.
3:33 of 1st overtime period - Shot by Jonathan Marchessault.
3:33 of 1st overtime period - Deflect By David Perron.
3:33 of 1st overtime period - Shot Misses the Net.
3:35 of 1st overtime period - Shot by Jonathan Marchessault.
3:35 of 1st overtime period - Goal by Jonathan Marchessault - Mongoloids : 3 - Phantoms : 2.
Goals for this period are 1 for Mongoloids vs 0 for Phantoms.
Shots for this period are 4 for Mongoloids vs 2 for Phantoms.